NULL
Full Scoreboard »»

Bruins vs Blue Jackets

Created - May 7, 2023 at 23:32

Goals
1 2 3 T
Bruins 1 0 0 1
Blue Jackets 0 2 1 3
Shots
1 2 3 T
Bruins 14 13 20 47
Blue Jackets 4 15 15 34

GoalsPenalties
1st period
1. Bruins , Roman Josi 1 (Patrick Kane 2, Patrice Bergeron 1) at 12:06
No Penalty
2nd period
2. Blue Jackets , Adrian Kempe 2 (Reilly Smith 1, Trevor van Riemsdyk 2) at 4:02
3. Blue Jackets , Dominik Kubalik 1 (Brendan Smith 1, Nikita Zadorov 2) at 19:03
Adrian Kempe (CBJ) for Tripping (Minor) at 4:42
Trevor van Riemsdyk (CBJ) for Fighting (Major) at 13:28
Patrick Kane (BOS) for Fighting (Major) at 13:28
Trevor van Riemsdyk (CBJ) for instigated a fight (Minor) at 13:28
Trevor van Riemsdyk (CBJ) for instigated a fight (10 Minutes Misconduct) at 13:28
3rd period
4. Blue Jackets , Max Domi 2 (Marcus Johansson 2, Shea Theodore 1) at 2:03
No Penalty
Goalie Stats
Jack Campbell (BOS), 31 saves from 34 shots - (0.912), L, 3-1-0, 60:00 minutes
Connor Hellebuyck (CBJ), 46 saves from 47 shots - (0.979), W, 1-2-1, 60:00 minutes
3 StarsOfficial
1 - Connor Hellebuyck (CBJ)
2 - Dominik Kubalik (CBJ)
3 - Max Domi (CBJ)
Referees : Unknown
Linesman : Unknown
Game Note
Patrick Kane beats up Trevor van Riemsdyk at 13:28 of 2nd period



Team Name Goals Shots Shots Attemp Shots Blocked PIM HIT PP PK FO%
Bruins 1477965300 / 2 (0%)063%
Blue Jackets 334661119210 / 0 (0.00%037%

Bruins
Player Name POS G A P +/- PIM HIT SHT SB MP PP MP PP SHT PK MP PK SHT FO% FOT GA TA
Anton LundellC/LW000000006:570:0600:0000% 001
Blake WheelerLW/RW000-1033020:311:5900:000100% 120
Derek RyanC000001206:500:0000:00080% 500
Drew DoughtyD000-1023021:591:5900:0000% 011
Jaccob SlavinD0001041220:581:5900:0000% 001
Jonathan ToewsC000-1010014:180:0000:00050% 601
Lucas RaymondLW/RW000000306:570:0600:0000% 000
Matt DucheneC/LW/RW000-1014017:081:5300:000100% 210
Mikael BacklundC/LW000-1020014:180:0000:0000% 000
Moritz SeiderD000-1051021:301:5900:0000% 000
Nate SchmidtD000-2002117:030:0000:0000% 001
Nicklas BackstromC/RW0000024018:141:5300:0000% 120
Patrice BergeronC/LW/RW011-1016120:271:5300:00069% 3210
Patrick KaneLW/RW011-1515018:300:5400:000100% 100
Roman JosiD1011021221:271:5900:0000% 000
Ryan O'ReillyC/LW0000033018:181:5910:00054% 2800
Taylor HallLW0000028017:311:1100:0000% 000
Zdeno CharaD000-2001017:030:0000:0000% 001
Blue Jackets
Player Name POS G A P +/- PIM HIT SHT SB MP PP MP PP SHT PK MP PK SHT FO% FOT GA TA
Adrian KempeLW/RW1011231015:180:0000:0000% 100
Brendan LemieuxLW/RW0000000017:520:0001:5500% 100
Brendan SmithD0111032222:270:0002:0400% 001
Bryan RustC/RW0000031016:400:0000:0000% 000
Cale MakarD0001026019:550:0000:2400% 030
Derek GrantC/LW/RW000100009:560:0001:55025% 400
Dominik KubalikLW101100128:060:0000:000100% 100
Jacob MiddletonD0000012120:340:0002:1700% 012
Juraj SlafkovskyLW0000011016:400:0000:000100% 100
Marcus JohanssonC/RW0110004118:050:0002:03033% 301
Max DomiC/LW/RW1010025118:050:0002:03046% 2400
Nikita ZadorovD0111021123:110:0001:5500% 011
Noah OstlundC0001001115:190:0000:00033% 2100
Reilly SmithLW/RW0111014115:190:0000:00050% 200
Ryan Nugent-HopkinsC/LW/RW0000022116:400:0000:00028% 1801
Shea TheodoreD0111000018:450:0000:0000% 001
Trevor van RiemsdykD01101701015:070:0001:1600% 010
Zach Aston-ReeseC/LW/RW000101208:010:0000:0000% 000

Bruins

5 vs 5 Forward
Line #Left WingCenterRight WingPHYDFOFWanted %Time %Time Play
1Patrick KanePatrice BergeronBlake Wheeler0143633%18:35
2Taylor HallRyan O'ReillyNicklas Backstrom0143529%16:19
3Mikael BacklundJonathan ToewsMatt Duchene1222526%14:18
4Anton LundellDerek RyanLucas Raymond122412%6:50
5 vs 5 Defense
Line #DefenseDefensePHYDFOFWanted %Time %Time Play
1Roman JosiJaccob Slavin1223534%19:05
2Drew DoughtyMoritz Seider1223535%19:31
3Nate SchmidtZdeno Chara1223030%17:03
4Roman JosiJaccob Slavin12201%0:23
Power Play Forward
Line #Left WingCenterRight WingPHYDFOFWanted %Time %Time Play
1Matt DuchenePatrice BergeronNicklas Backstrom1135550%1:59
2Patrick KaneRyan O'ReillyBlake Wheeler2034550%1:59
Power Play Defense
Line #DefenseDefensePHYDFOFWanted %Time %Time Play
1Roman JosiDrew Doughty2035050%1:59
2Jaccob SlavinMoritz Seider1045050%1:59
Penalty Kill 4 Players Forward
Line #CenterWingPHYDFOFWanted %Time %Time Play
1Jonathan ToewsMikael Backlund122500%0:00
2Ryan O'ReillyAnton Lundell122500%0:00
Penalty Kill 4 Players Defense
Line #DefenseDefensePHYDFOFWanted %Time %Time Play
1Nate SchmidtJaccob Slavin122500%0:00
2Zdeno CharaMoritz Seider122500%0:00
Penalty Kill 3 Players
Line #WingPHYDFOFWanted %Time %Time PlayDefenseDefensePHYDFOFWanted %Time %Time Play
1Patrice Bergeron122500%0:00 Nate SchmidtJaccob Slavin122500%0:00
2Ryan O'Reilly122500%0:00 Roman JosiMoritz Seider122500%0:00
4 vs 4 Forward
Line #CenterWingPHYDFOFWanted %Time %Time Play
1Jonathan ToewsMikael Backlund122500%0:00
2Derek RyanTaylor Hall122500%0:00
4 vs 4 Defense
Line #DefensePHYDFOFWanted %Time %Time Play
1Nate SchmidtZdeno Chara122500%0:00
2Drew DoughtyMoritz Seider122500%0:00
Last Minutes Offensive
Left WingCenterRight WingDefenseDefense
Patrick KanePatrice BergeronBlake WheelerRoman JosiDrew Doughty
Last Minutes Defensive
Left WingCenterRight WingDefenseDefense
Ryan O'ReillyPatrice BergeronJonathan ToewsNate SchmidtJaccob Slavin
Time
Total ForwardTotal DefenseLast Minutes OffensiveLast Minutes Defensive
60:00 60:00 0:000:00
Extra Forwards
Normal PowerPlayPenalty Kill
Matt Duchene, Taylor Hall, Nicklas BackstromMatt Duchene, Taylor HallMatt Duchene
Extra Defensemen
Normal PowerPlayPenalty Kill
Moritz Seider, Nate Schmidt, Zdeno CharaMoritz Seider, Moritz SeiderNate Schmidt
Penalty Shots
Matt Duchene, Blake Wheeler, Ryan O'Reilly, Nicklas Backstrom, Anton Lundell
Goalie
Jack Campbell, Petr Mrazek
Custom OT Lines Forwards
Patrice Bergeron, Patrick Kane, Ryan O'Reilly, Blake Wheeler, Matt Duchene, Taylor Hall, Nicklas Backstrom, Mikael Backlund, ,
Custom OT Lines Defensemen
Roman Josi, Jaccob Slavin, Drew Doughty, Moritz Seider, Nate Schmidt
Scratches
A.J. Greer (Healthy), Jack Johnson (Healthy)

Blue Jackets

5 vs 5 Forward
Line #Left WingCenterRight WingPHYDFOFWanted %Time %Time Play
1Juraj SlafkovskyRyan Nugent-HopkinsBryan Rust1133030%16:45
2Adrian KempeNoah OstlundReilly Smith1133027%15:19
3Marcus JohanssonMax DomiBrendan Lemieux1223028%15:57
4Dominik KubalikDerek GrantZach Aston-Reese1221014%8:01
5 vs 5 Defense
Line #DefenseDefensePHYDFOFWanted %Time %Time Play
1Cale MakarShea Theodore1223434%19:05
2Nikita ZadorovBrendan Smith1223333%18:14
3Jacob MiddletonTrevor van Riemsdyk1223333%18:17
4Cale MakarShea Theodore12201%0:26
Power Play Forward
Line #Left WingCenterRight WingPHYDFOFWanted %Time %Time Play
1Juraj SlafkovskyNoah OstlundRyan Nugent-Hopkins113600%0:00
2Adrian KempeBryan RustReilly Smith122400%0:00
Power Play Defense
Line #DefenseDefensePHYDFOFWanted %Time %Time Play
1Cale MakarShea Theodore122500%0:00
2Nikita ZadorovBrendan Smith122500%0:00
Penalty Kill 4 Players Forward
Line #CenterWingPHYDFOFWanted %Time %Time Play
1Max DomiMarcus Johansson1225052%2:03
2Derek GrantBrendan Lemieux1225048%1:55
Penalty Kill 4 Players Defense
Line #DefenseDefensePHYDFOFWanted %Time %Time Play
1Jacob MiddletonTrevor van Riemsdyk1225068%2:41
2Nikita ZadorovBrendan Smith1225032%1:17
Penalty Kill 3 Players
Line #WingPHYDFOFWanted %Time %Time PlayDefenseDefensePHYDFOFWanted %Time %Time Play
1Ryan Nugent-Hopkins122500%0:00 Cale MakarShea Theodore122500%0:00
2Bryan Rust122500%0:00 Nikita ZadorovBrendan Smith122500%0:00
4 vs 4 Forward
Line #CenterWingPHYDFOFWanted %Time %Time Play
1Ryan Nugent-HopkinsBryan Rust122500%0:00
2Reilly SmithAdrian Kempe122500%0:00
4 vs 4 Defense
Line #DefensePHYDFOFWanted %Time %Time Play
1Cale MakarShea Theodore122500%0:00
2Nikita ZadorovBrendan Smith122500%0:00
Last Minutes Offensive
Left WingCenterRight WingDefenseDefense
Juraj SlafkovskyNoah OstlundRyan Nugent-HopkinsCale MakarShea Theodore
Last Minutes Defensive
Left WingCenterRight WingDefenseDefense
Reilly SmithRyan Nugent-HopkinsBryan RustCale MakarShea Theodore
Time
Total ForwardTotal DefenseLast Minutes OffensiveLast Minutes Defensive
60:00 60:00 0:000:00
Extra Forwards
Normal PowerPlayPenalty Kill
Juraj Slafkovsky, Noah Ostlund, Dominik KubalikJuraj Slafkovsky, Noah OstlundDominik Kubalik
Extra Defensemen
Normal PowerPlayPenalty Kill
Jacob Middleton, Trevor van Riemsdyk, Nikita ZadorovJacob Middleton, Trevor van RiemsdykNikita Zadorov
Penalty Shots
Ryan Nugent-Hopkins, Bryan Rust, Reilly Smith, Adrian Kempe, Max Domi
Goalie
Connor Hellebuyck, Jonathan Bernier
Custom OT Lines Forwards
Ryan Nugent-Hopkins, Bryan Rust, Reilly Smith, Adrian Kempe, Max Domi, Juraj Slafkovsky, Marcus Johansson, Noah Ostlund, Dominik Kubalik, Brendan Lemieux
Custom OT Lines Defensemen
Cale Makar, Shea Theodore, Nikita Zadorov, Brendan Smith, Jacob Middleton
Scratches
Slater Koekkoek (Healthy), Ryder Korczak (Healthy)


Play-by-Play

1st period


0:01 of 1st period - Ryan Nugent-Hopkins wins face-off versus Patrice Bergeron in neutral zone.
0:26 of 1st period - Cale Makar is hit by Jaccob Slavin and loses puck.
1:29 of 1st period - Ryan O'Reilly is hit by Bryan Rust and loses puck.
2:10 of 1st period - Mikael Backlund is hit by Adrian Kempe and loses puck.
2:46 of 1st period - Max Domi is hit by Moritz Seider and loses puck.
3:09 of 1st period - Bryan Rust is hit by Drew Doughty and loses puck.
3:48 of 1st period - Snap shot by Matt Duchene.
3:48 of 1st period - Stopped by Connor Hellebuyck without a rebound.
3:49 of 1st period - Ryan O'Reilly wins face-off versus Ryan Nugent-Hopkins in Blue Jackets zone.
3:56 of 1st period - Backhand shot by Taylor Hall.
3:56 of 1st period - Shot Misses the Net.
4:12 of 1st period - Slapshot by Roman Josi.
4:12 of 1st period - Shot Misses the Net.
4:18 of 1st period - Moritz Seider is hit by Max Domi and loses puck.
4:33 of 1st period - Snap shot by Matt Duchene.
4:33 of 1st period - Deflect By Mikael Backlund.
4:33 of 1st period - Shot Misses the Net.
4:33 of 1st period - Puck is out of play.
4:34 of 1st period - Noah Ostlund wins face-off versus Jonathan Toews in Blue Jackets zone.
4:45 of 1st period - Adrian Kempe is hit by Jaccob Slavin and loses puck.
5:04 of 1st period - Max Domi is hit by Roman Josi and loses puck.
5:11 of 1st period - Snap shot by Nicklas Backstrom.
5:11 of 1st period - Deflect By Taylor Hall.
5:11 of 1st period - Stopped by Connor Hellebuyck with a rebound.
5:24 of 1st period - Off-side.
5:25 of 1st period - Patrice Bergeron wins face-off versus Ryan Nugent-Hopkins in neutral zone.
5:40 of 1st period - Snap shot by Patrice Bergeron.
5:40 of 1st period - Stopped by Connor Hellebuyck without a rebound.
5:41 of 1st period - Ryan O'Reilly wins face-off versus Noah Ostlund in Blue Jackets zone.
6:13 of 1st period - Snap shot by Patrice Bergeron.
6:13 of 1st period - Shot Misses the Net.
6:15 of 1st period - Wrist shot by Blake Wheeler.
6:15 of 1st period - Stopped by Connor Hellebuyck without a rebound.
6:16 of 1st period - Max Domi wins face-off versus Ryan O'Reilly in Blue Jackets zone.
6:31 of 1st period - Wrist shot by Taylor Hall.
6:31 of 1st period - Stopped by Connor Hellebuyck without a rebound.
6:32 of 1st period - Blake Wheeler wins face-off versus Ryan Nugent-Hopkins in Blue Jackets zone.
6:33 of 1st period - Snap shot by Patrick Kane.
6:33 of 1st period - Stopped by Connor Hellebuyck without a rebound.
6:34 of 1st period - Ryan Nugent-Hopkins wins face-off versus Patrice Bergeron in Blue Jackets zone.
8:43 of 1st period - Slapshot by Cale Makar.
8:43 of 1st period - Stopped by Jack Campbell with a rebound.
9:48 of 1st period - Brendan Smith is hit by Ryan O'Reilly and loses puck.
10:38 of 1st period - Anton Lundell is hit by Jacob Middleton and loses puck.
11:00 of 1st period - Ryan Nugent-Hopkins is hit by Patrice Bergeron and loses puck.
11:42 of 1st period - Backhand shot by Zach Aston-Reese.
11:42 of 1st period - Shot Misses the Net.
12:00 of 1st period - Snap shot by Matt Duchene.
12:00 of 1st period - Shot Blocked by Dominik Kubalik.
12:02 of 1st period - Wrist shot by Mikael Backlund.
12:02 of 1st period - Deflect By Matt Duchene.
12:02 of 1st period - Shot Blocked by Brendan Smith.
12:02 of 1st period - Puck is out of play.
12:03 of 1st period - Patrice Bergeron wins face-off versus Max Domi in Blue Jackets zone.
12:04 of 1st period - Snap shot by Patrick Kane.
12:04 of 1st period - Shot Blocked by Marcus Johansson.
12:06 of 1st period - Slapshot by Roman Josi.
12:06 of 1st period - Goal by Roman Josi - Bruins : 1 - Blue Jackets : 0.
12:07 of 1st period - Max Domi wins face-off versus Ryan O'Reilly in neutral zone.
12:40 of 1st period - Snap shot by Reilly Smith.
12:40 of 1st period - Stopped by Jack Campbell with a rebound.
12:42 of 1st period - Slapshot by Jacob Middleton.
12:42 of 1st period - Stopped by Jack Campbell without a rebound.
12:43 of 1st period - Ryan O'Reilly wins face-off versus Ryan Nugent-Hopkins in Bruins zone.
13:08 of 1st period - Moritz Seider is hit by Brendan Smith and loses puck.
13:29 of 1st period - Nate Schmidt is hit by Nikita Zadorov and loses puck.
14:15 of 1st period - Moritz Seider is hit by Bryan Rust.
14:49 of 1st period - Snap shot by Nicklas Backstrom.
14:49 of 1st period - Stopped by Connor Hellebuyck without a rebound.
14:50 of 1st period - Ryan O'Reilly wins face-off versus Noah Ostlund in Blue Jackets zone.
14:55 of 1st period - Wrist shot by Nicklas Backstrom.
14:55 of 1st period - Shot Blocked by Noah Ostlund.
15:15 of 1st period - Icing by Roman Josi.
15:16 of 1st period - Patrice Bergeron wins face-off versus Ryan Nugent-Hopkins in Bruins zone.
15:25 of 1st period - Snap shot by Blake Wheeler.
15:25 of 1st period - Shot Misses the Net.
15:27 of 1st period - Slapshot by Roman Josi.
15:27 of 1st period - Deflect By Patrice Bergeron.
15:27 of 1st period - Shot Misses the Net.
15:27 of 1st period - Puck is out of play.
15:28 of 1st period - Patrice Bergeron wins face-off versus Max Domi in Blue Jackets zone.
15:35 of 1st period - Wrist shot by Blake Wheeler.
15:35 of 1st period - Stopped by Connor Hellebuyck without a rebound.
15:36 of 1st period - Patrice Bergeron wins face-off versus Marcus Johansson in Blue Jackets zone.
15:41 of 1st period - Snap shot by Patrick Kane.
15:41 of 1st period - Shot Blocked by Max Domi.
15:59 of 1st period - Wrist shot by Patrick Kane.
15:59 of 1st period - Deflect By Patrice Bergeron.
15:59 of 1st period - Stopped by Connor Hellebuyck without a rebound.
16:00 of 1st period - Ryan O'Reilly wins face-off versus Ryan Nugent-Hopkins in Blue Jackets zone.
16:10 of 1st period - Wrist shot by Ryan Nugent-Hopkins.
16:10 of 1st period - Shot Misses the Net.
16:12 of 1st period - Slapshot by Cale Makar.
16:12 of 1st period - Stopped by Jack Campbell with a rebound.
16:26 of 1st period - Reilly Smith is hit by Roman Josi and loses puck.
16:33 of 1st period - Slapshot by Shea Theodore.
16:33 of 1st period - Shot Blocked by Jaccob Slavin.
16:35 of 1st period - Wrist shot by Trevor van Riemsdyk.
16:35 of 1st period - Shot Misses the Net.
17:10 of 1st period - Brendan Smith is hit by Derek Ryan and loses puck.
17:19 of 1st period - Backhand shot by Drew Doughty.
17:19 of 1st period - Shot Blocked by Dominik Kubalik.
17:33 of 1st period - Snap shot by Taylor Hall.
17:33 of 1st period - Stopped by Connor Hellebuyck without a rebound.
17:34 of 1st period - Ryan Nugent-Hopkins wins face-off versus Ryan O'Reilly in Blue Jackets zone.
17:41 of 1st period - Wrist shot by Nicklas Backstrom.
17:41 of 1st period - Stopped by Connor Hellebuyck with a rebound.
18:30 of 1st period - Wrist shot by Nicklas Backstrom.
18:30 of 1st period - Stopped by Connor Hellebuyck without a rebound.
18:31 of 1st period - Noah Ostlund wins face-off versus Patrice Bergeron in Blue Jackets zone.
18:43 of 1st period - Patrick Kane is hit by Reilly Smith and loses puck.
18:56 of 1st period - Bryan Rust is hit by Mikael Backlund.
19:24 of 1st period - Off-side.
19:25 of 1st period - Reilly Smith wins face-off versus Patrice Bergeron in neutral zone.
19:50 of 1st period - Ryan Nugent-Hopkins is hit by Ryan O'Reilly and loses puck.
19:55 of 1st period - Wrist shot by Nicklas Backstrom.
19:55 of 1st period - Stopped by Connor Hellebuyck without a rebound.
19:56 of 1st period - Max Domi wins face-off versus Ryan O'Reilly in Blue Jackets zone.
Goals for this period are 1 for Bruins vs 0 for Blue Jackets.
Shots for this period are 14 for Bruins vs 4 for Blue Jackets.

2nd period


0:01 of 2nd period - Patrice Bergeron wins face-off versus Noah Ostlund in neutral zone.
0:16 of 2nd period - Snap shot by Patrice Bergeron.
0:16 of 2nd period - Deflect By Blake Wheeler.
0:16 of 2nd period - Shot Misses the Net.
0:16 of 2nd period - Puck is out of play.
0:17 of 2nd period - Ryan Nugent-Hopkins wins face-off versus Ryan O'Reilly in Blue Jackets zone.
0:17 of 2nd period - Ryan Nugent-Hopkins is hit by Taylor Hall.
0:27 of 2nd period - Slapshot by Ryan Nugent-Hopkins.
0:27 of 2nd period - Shot Blocked by Roman Josi.
0:33 of 2nd period - Wrist shot by Nicklas Backstrom.
0:33 of 2nd period - Shot Misses the Net.
0:48 of 2nd period - Wrist shot by Bryan Rust.
0:48 of 2nd period - Shot Hit the Post.
1:29 of 2nd period - Snap shot by Matt Duchene.
1:29 of 2nd period - Shot Blocked by Nikita Zadorov.
1:49 of 2nd period - Wrist shot by Matt Duchene.
1:49 of 2nd period - Shot Blocked by Ryan Nugent-Hopkins.
1:55 of 2nd period - Slapshot by Juraj Slafkovsky.
1:55 of 2nd period - Stopped by Jack Campbell with a rebound.
1:57 of 2nd period - Slapshot by Brendan Smith.
1:57 of 2nd period - Stopped by Jack Campbell with a rebound.
1:59 of 2nd period - Wrist shot by Bryan Rust.
1:59 of 2nd period - Shot Misses the Net.
2:01 of 2nd period - Wrist shot by Bryan Rust.
2:01 of 2nd period - Stopped by Jack Campbell with a rebound.
2:03 of 2nd period - Snap shot by Nikita Zadorov.
2:03 of 2nd period - Stopped by Jack Campbell with a rebound.
2:05 of 2nd period - Snap shot by Juraj Slafkovsky.
2:05 of 2nd period - Shot Misses the Net.
2:07 of 2nd period - Slapshot by Nikita Zadorov.
2:07 of 2nd period - Shot Misses the Net.
2:15 of 2nd period - Snap shot by Ryan Nugent-Hopkins.
2:15 of 2nd period - Shot Misses the Net.
2:25 of 2nd period - Wrist shot by Bryan Rust.
2:25 of 2nd period - Shot Misses the Net.
2:31 of 2nd period - Wrist shot by Ryan Nugent-Hopkins.
2:31 of 2nd period - Shot Blocked by Roman Josi.
3:01 of 2nd period - Wrist shot by Ryan Nugent-Hopkins.
3:01 of 2nd period - Shot Blocked by Jaccob Slavin.
3:03 of 2nd period - Wrist shot by Ryan Nugent-Hopkins.
3:03 of 2nd period - Stopped by Jack Campbell without a rebound.
3:04 of 2nd period - Marcus Johansson wins face-off versus Patrice Bergeron in Bruins zone.
3:07 of 2nd period - Snap shot by Marcus Johansson.
3:07 of 2nd period - Stopped by Jack Campbell without a rebound.
3:08 of 2nd period - Patrice Bergeron wins face-off versus Brendan Lemieux in Bruins zone.
3:19 of 2nd period - Snap shot by Patrice Bergeron.
3:19 of 2nd period - Stopped by Connor Hellebuyck without a rebound.
3:20 of 2nd period - Patrice Bergeron wins face-off versus Adrian Kempe in Blue Jackets zone.
3:35 of 2nd period - Snap shot by Reilly Smith.
3:35 of 2nd period - Stopped by Jack Campbell without a rebound.
3:36 of 2nd period - Ryan O'Reilly wins face-off versus Max Domi in Bruins zone.
3:42 of 2nd period - Icing by Brendan Lemieux.
3:43 of 2nd period - Max Domi wins face-off versus Ryan O'Reilly in Blue Jackets zone.
3:56 of 2nd period - Slapshot by Max Domi.
3:56 of 2nd period - Stopped by Jack Campbell without a rebound.
3:57 of 2nd period - Patrice Bergeron wins face-off versus Noah Ostlund in Bruins zone.
4:02 of 2nd period - Wrist shot by Reilly Smith.
4:02 of 2nd period - Deflect By Adrian Kempe.
4:02 of 2nd period - Goal by Adrian Kempe - Bruins : 1 - Blue Jackets : 1.
4:03 of 2nd period - Patrice Bergeron wins face-off versus Noah Ostlund in neutral zone.
4:08 of 2nd period - Slapshot by Patrick Kane.
4:08 of 2nd period - Stopped by Connor Hellebuyck without a rebound.
4:09 of 2nd period - Noah Ostlund wins face-off versus Patrice Bergeron in Blue Jackets zone.
4:11 of 2nd period - Icing by Reilly Smith.
4:12 of 2nd period - Noah Ostlund wins face-off versus Patrice Bergeron in Blue Jackets zone.
4:35 of 2nd period - Slapshot by Patrick Kane.
4:35 of 2nd period - Shot Blocked by Reilly Smith.
4:37 of 2nd period - Slapshot by Moritz Seider.
4:37 of 2nd period - Stopped by Connor Hellebuyck with a rebound.
4:42 of 2nd period - Minor Penalty to Adrian Kempe for Tripping.
4:43 of 2nd period - Patrice Bergeron wins face-off versus Max Domi in Blue Jackets zone.
6:42 of 2nd period - Penalty to Adrian Kempe is over, Adrian Kempe is back on ice.
7:24 of 2nd period - Slapshot by Cale Makar.
7:24 of 2nd period - Deflect By Derek Grant.
7:24 of 2nd period - Shot Misses the Net.
7:24 of 2nd period - Puck is out of play.
7:25 of 2nd period - Derek Ryan wins face-off versus Derek Grant in Bruins zone.
7:25 of 2nd period - Derek Ryan is hit by Zach Aston-Reese.
7:49 of 2nd period - Blake Wheeler is hit by Adrian Kempe and loses puck.
8:46 of 2nd period - Snap shot by Patrick Kane.
8:46 of 2nd period - Stopped by Connor Hellebuyck with a rebound.
9:06 of 2nd period - Slapshot by Cale Makar.
9:06 of 2nd period - Stopped by Jack Campbell with a rebound.
9:48 of 2nd period - Trevor van Riemsdyk is hit by Blake Wheeler and loses puck.
10:11 of 2nd period - Wrist shot by Adrian Kempe.
10:11 of 2nd period - Deflect By Reilly Smith.
10:11 of 2nd period - Shot Misses the Net.
10:11 of 2nd period - Puck is out of play.
10:12 of 2nd period - Jonathan Toews wins face-off versus Noah Ostlund in Bruins zone.
11:22 of 2nd period - Off-side.
11:23 of 2nd period - Derek Grant wins face-off versus Derek Ryan in neutral zone.
11:41 of 2nd period - Slapshot by Drew Doughty.
11:41 of 2nd period - Shot Misses the Net.
11:43 of 2nd period - Snap shot by Anton Lundell.
11:43 of 2nd period - Deflect By Lucas Raymond.
11:43 of 2nd period - Stopped by Connor Hellebuyck with a rebound.
11:53 of 2nd period - Wrist shot by Lucas Raymond.
11:53 of 2nd period - Shot Misses the Net.
11:59 of 2nd period - Snap shot by Derek Grant.
11:59 of 2nd period - Shot Misses the Net.
12:01 of 2nd period - Snap shot by Zach Aston-Reese.
12:01 of 2nd period - Stopped by Jack Campbell without a rebound.
12:02 of 2nd period - Ryan O'Reilly wins face-off versus Max Domi in Bruins zone.
12:17 of 2nd period - Slapshot by Drew Doughty.
12:17 of 2nd period - Stopped by Connor Hellebuyck without a rebound.
12:18 of 2nd period - Patrice Bergeron wins face-off versus Noah Ostlund in Blue Jackets zone.
12:53 of 2nd period - Snap shot by Taylor Hall.
12:53 of 2nd period - Deflect By Ryan O'Reilly.
12:53 of 2nd period - Stopped by Connor Hellebuyck without a rebound.
12:54 of 2nd period - Ryan O'Reilly wins face-off versus Max Domi in Blue Jackets zone.
12:55 of 2nd period - Wrist shot by Taylor Hall.
12:55 of 2nd period - Stopped by Connor Hellebuyck without a rebound.
12:56 of 2nd period - Max Domi wins face-off versus Nicklas Backstrom in Blue Jackets zone.
12:56 of 2nd period - Max Domi is hit by Taylor Hall.
13:09 of 2nd period - Slapshot by Cale Makar.
13:09 of 2nd period - Shot Misses the Net.
13:11 of 2nd period - Slapshot by Marcus Johansson.
13:11 of 2nd period - Deflect By Ryan O'Reilly.
13:11 of 2nd period - Shot Misses the Net.
13:11 of 2nd period - Puck is out of play.
13:12 of 2nd period - Patrice Bergeron wins face-off versus Noah Ostlund in Bruins zone.
13:28 of 2nd period - Patrick Kane beats up Trevor van Riemsdyk.
13:28 of 2nd period - Penalty to Trevor van Riemsdyk for Fighting.
13:28 of 2nd period - Penalty to Patrick Kane for Fighting.
13:28 of 2nd period - Penalty to Trevor van Riemsdyk for instigated a fight.
13:28 of 2nd period - Penalty to Trevor van Riemsdyk for instigated a fight.
13:29 of 2nd period - Patrice Bergeron wins face-off versus Max Domi in Blue Jackets zone.
13:30 of 2nd period - Snap shot by Matt Duchene.
13:30 of 2nd period - Shot Misses the Net.
13:54 of 2nd period - Marcus Johansson is hit by Moritz Seider and loses puck.
14:20 of 2nd period - Jacob Middleton is hit by Blake Wheeler and loses puck.
14:25 of 2nd period - Wrist shot by Ryan O'Reilly.
14:25 of 2nd period - Stopped by Connor Hellebuyck without a rebound.
14:26 of 2nd period - Patrice Bergeron wins face-off versus Derek Grant in Blue Jackets zone.
14:59 of 2nd period - Max Domi is hit by Blake Wheeler and loses puck.
15:28 of 2nd period - Penalty to Trevor van Riemsdyk is over, Dominik Kubalik is send on ice.
15:59 of 2nd period - Icing by Noah Ostlund.
16:00 of 2nd period - Juraj Slafkovsky wins face-off versus Jonathan Toews in Blue Jackets zone.
16:09 of 2nd period - Backhand shot by Ryan Nugent-Hopkins.
16:09 of 2nd period - Shot Misses the Net.
16:11 of 2nd period - Snap shot by Brendan Smith.
16:11 of 2nd period - Stopped by Jack Campbell with a rebound.
16:13 of 2nd period - Slapshot by Cale Makar.
16:13 of 2nd period - Stopped by Jack Campbell without a rebound.
16:14 of 2nd period - Ryan O'Reilly wins face-off versus Max Domi in Bruins zone.
16:14 of 2nd period - Ryan O'Reilly is hit by Max Domi.
16:45 of 2nd period - Snap shot by Blake Wheeler.
16:45 of 2nd period - Stopped by Connor Hellebuyck with a rebound.
16:47 of 2nd period - Wrist shot by Patrice Bergeron.
16:47 of 2nd period - Stopped by Connor Hellebuyck without a rebound.
16:48 of 2nd period - Patrice Bergeron wins face-off versus Noah Ostlund in Blue Jackets zone.
16:55 of 2nd period - Wrist shot by Patrice Bergeron.
16:55 of 2nd period - Stopped by Connor Hellebuyck with a rebound.
17:01 of 2nd period - Zdeno Chara is hit by Cale Makar and loses puck.
17:22 of 2nd period - Nate Schmidt is hit by Cale Makar and loses puck.
18:21 of 2nd period - Patrice Bergeron is hit by Brendan Smith and loses puck.
18:28 of 2nd period - Blake Wheeler is hit by Nikita Zadorov and loses puck.
18:46 of 2nd period - Wrist shot by Marcus Johansson.
18:46 of 2nd period - Stopped by Jack Campbell with a rebound.
19:03 of 2nd period - Snap shot by Dominik Kubalik.
19:03 of 2nd period - Goal by Dominik Kubalik - Bruins : 1 - Blue Jackets : 2.
19:04 of 2nd period - Max Domi wins face-off versus Ryan O'Reilly in neutral zone.
19:06 of 2nd period - Jacob Middleton is hit by Jaccob Slavin and loses puck.
19:29 of 2nd period - Jacob Middleton is hit by Patrick Kane and loses puck.
19:49 of 2nd period - Off-side.
19:50 of 2nd period - Derek Ryan wins face-off versus Ryan Nugent-Hopkins in neutral zone.
19:55 of 2nd period - Snap shot by Lucas Raymond.
19:55 of 2nd period - Stopped by Connor Hellebuyck with a rebound.
Goals for this period are 0 for Bruins vs 2 for Blue Jackets.
Shots for this period are 13 for Bruins vs 15 for Blue Jackets.

3rd period


0:01 of 3rd period - Max Domi wins face-off versus Ryan O'Reilly in neutral zone.
0:01 of 3rd period - Marcus Johansson is hit by Moritz Seider and loses puck.
0:15 of 3rd period - Wrist shot by Taylor Hall.
0:15 of 3rd period - Stopped by Connor Hellebuyck with a rebound.
0:36 of 3rd period - Slapshot by Mikael Backlund.
0:36 of 3rd period - Deflect By Matt Duchene.
0:36 of 3rd period - Stopped by Connor Hellebuyck without a rebound.
0:37 of 3rd period - Ryan O'Reilly wins face-off versus Noah Ostlund in Blue Jackets zone.
1:04 of 3rd period - Patrice Bergeron is hit by Ryan Nugent-Hopkins and loses puck.
1:09 of 3rd period - Snap shot by Ryan Nugent-Hopkins.
1:09 of 3rd period - Shot Misses the Net.
1:29 of 3rd period - Wrist shot by Matt Duchene.
1:29 of 3rd period - Stopped by Connor Hellebuyck without a rebound.
1:30 of 3rd period - Dominik Kubalik wins face-off versus Ryan O'Reilly in Blue Jackets zone.
1:30 of 3rd period - Dominik Kubalik is hit by Nicklas Backstrom.
2:03 of 3rd period - Snap shot by Marcus Johansson.
2:03 of 3rd period - Deflect By Max Domi.
2:03 of 3rd period - Goal by Max Domi - Bruins : 1 - Blue Jackets : 3.
2:04 of 3rd period - Max Domi wins face-off versus Ryan O'Reilly in neutral zone.
2:09 of 3rd period - Backhand shot by Max Domi.
2:09 of 3rd period - Stopped by Jack Campbell with a rebound.
2:12 of 3rd period - Icing by Ryan O'Reilly.
2:13 of 3rd period - Max Domi wins face-off versus Ryan O'Reilly in Bruins zone.
2:14 of 3rd period - Wrist shot by Marcus Johansson.
2:14 of 3rd period - Stopped by Jack Campbell with a rebound.
2:28 of 3rd period - Snap shot by Taylor Hall.
2:28 of 3rd period - Shot Misses the Net.
2:30 of 3rd period - Slapshot by Taylor Hall.
2:30 of 3rd period - Stopped by Connor Hellebuyck without a rebound.
2:31 of 3rd period - Noah Ostlund wins face-off versus Patrice Bergeron in Blue Jackets zone.
2:57 of 3rd period - Brendan Lemieux is hit by Nicklas Backstrom and loses puck.
3:17 of 3rd period - Icing by Ryan O'Reilly.
3:18 of 3rd period - Ryan O'Reilly wins face-off versus Derek Grant in Bruins zone.
3:53 of 3rd period - Snap shot by Taylor Hall.
3:53 of 3rd period - Shot Misses the Net.
3:55 of 3rd period - Slapshot by Zdeno Chara.
3:55 of 3rd period - Stopped by Connor Hellebuyck with a rebound.
3:57 of 3rd period - Snap shot by Ryan O'Reilly.
3:57 of 3rd period - Deflect By Taylor Hall.
3:57 of 3rd period - Stopped by Connor Hellebuyck with a rebound.
3:59 of 3rd period - Snap shot by Zdeno Chara.
3:59 of 3rd period - Shot Misses the Net.
4:01 of 3rd period - Slapshot by Zdeno Chara.
4:01 of 3rd period - Shot Blocked by Brendan Smith.
4:03 of 3rd period - Snap shot by Ryan O'Reilly.
4:03 of 3rd period - Shot Misses the Net.
4:05 of 3rd period - Slapshot by Nate Schmidt.
4:05 of 3rd period - Shot Misses the Net.
4:07 of 3rd period - Slapshot by Nate Schmidt.
4:07 of 3rd period - Deflect By Brendan Smith.
4:07 of 3rd period - Stopped by Connor Hellebuyck with a rebound.
4:09 of 3rd period - Snap shot by Ryan O'Reilly.
4:09 of 3rd period - Stopped by Connor Hellebuyck without a rebound.
4:10 of 3rd period - Ryan Nugent-Hopkins wins face-off versus Patrice Bergeron in Blue Jackets zone.
4:10 of 3rd period - Ryan Nugent-Hopkins is hit by Drew Doughty.
4:36 of 3rd period - Brendan Lemieux is hit by Moritz Seider.
4:48 of 3rd period - Slapshot by Drew Doughty.
4:48 of 3rd period - Stopped by Connor Hellebuyck without a rebound.
4:49 of 3rd period - Patrice Bergeron wins face-off versus Noah Ostlund in Blue Jackets zone.
4:58 of 3rd period - Backhand shot by Patrick Kane.
4:58 of 3rd period - Shot Blocked by Jacob Middleton.
5:37 of 3rd period - Slapshot by Jaccob Slavin.
5:37 of 3rd period - Stopped by Connor Hellebuyck without a rebound.
5:38 of 3rd period - Ryan O'Reilly wins face-off versus Marcus Johansson in Blue Jackets zone.
5:41 of 3rd period - Wrist shot by Nicklas Backstrom.
5:41 of 3rd period - Shot Misses the Net.
7:15 of 3rd period - Snap shot by Patrice Bergeron.
7:15 of 3rd period - Stopped by Connor Hellebuyck without a rebound.
7:16 of 3rd period - Jonathan Toews wins face-off versus Reilly Smith in Blue Jackets zone.
7:17 of 3rd period - Snap shot by Matt Duchene.
7:17 of 3rd period - Shot Misses the Net.
7:32 of 3rd period - Snap shot by Matt Duchene.
7:32 of 3rd period - Shot Misses the Net.
7:46 of 3rd period - Snap shot by Cale Makar.
7:46 of 3rd period - Shot Misses the Net.
7:48 of 3rd period - Wrist shot by Max Domi.
7:48 of 3rd period - Shot Misses the Net.
7:50 of 3rd period - Slapshot by Cale Makar.
7:50 of 3rd period - Stopped by Jack Campbell without a rebound.
7:51 of 3rd period - Patrice Bergeron wins face-off versus Max Domi in Bruins zone.
8:00 of 3rd period - Backhand shot by Patrick Kane.
8:00 of 3rd period - Stopped by Connor Hellebuyck without a rebound.
8:01 of 3rd period - Patrice Bergeron wins face-off versus Ryan Nugent-Hopkins in Blue Jackets zone.
8:12 of 3rd period - Slapshot by Ryan Nugent-Hopkins.
8:12 of 3rd period - Deflect By Bryan Rust.
8:12 of 3rd period - Shot Misses the Net.
8:12 of 3rd period - Puck is out of play.
8:13 of 3rd period - Patrick Kane wins face-off versus Ryan Nugent-Hopkins in Bruins zone.
8:13 of 3rd period - Patrick Kane is hit by Bryan Rust.
8:28 of 3rd period - 10 Minutes Misconduct Penalty to Trevor van Riemsdyk is over.
9:14 of 3rd period - Roman Josi is hit by Juraj Slafkovsky and loses puck.
9:21 of 3rd period - Matt Duchene is hit by Brendan Smith and loses puck.
9:40 of 3rd period - Bryan Rust is hit by Mikael Backlund and loses puck.
9:51 of 3rd period - Wrist shot by Ryan Nugent-Hopkins.
9:51 of 3rd period - Stopped by Jack Campbell without a rebound.
9:52 of 3rd period - Noah Ostlund wins face-off versus Ryan O'Reilly in Bruins zone.
9:53 of 3rd period - Wrist shot by Reilly Smith.
9:53 of 3rd period - Stopped by Jack Campbell without a rebound.
9:54 of 3rd period - Ryan O'Reilly wins face-off versus Noah Ostlund in Bruins zone.
10:25 of 3rd period - Snap shot by Max Domi.
10:25 of 3rd period - Stopped by Jack Campbell with a rebound.
10:38 of 3rd period - Icing by Marcus Johansson.
10:39 of 3rd period - Derek Ryan wins face-off versus Max Domi in Blue Jackets zone.
10:50 of 3rd period - Wrist shot by Taylor Hall.
10:50 of 3rd period - Stopped by Connor Hellebuyck without a rebound.
10:51 of 3rd period - Noah Ostlund wins face-off versus Patrice Bergeron in Blue Jackets zone.
10:58 of 3rd period - Wrist shot by Reilly Smith.
10:58 of 3rd period - Shot Misses the Net.
11:00 of 3rd period - Snap shot by Reilly Smith.
11:00 of 3rd period - Stopped by Jack Campbell without a rebound.
11:01 of 3rd period - Patrice Bergeron wins face-off versus Noah Ostlund in Bruins zone.
11:26 of 3rd period - Snap shot by Noah Ostlund.
11:26 of 3rd period - Shot Misses the Net.
11:28 of 3rd period - Wrist shot by Reilly Smith.
11:28 of 3rd period - Shot Misses the Net.
11:30 of 3rd period - Slapshot by Jacob Middleton.
11:30 of 3rd period - Deflect By Patrice Bergeron.
11:30 of 3rd period - Stopped by Jack Campbell without a rebound.
11:31 of 3rd period - Max Domi wins face-off versus Ryan O'Reilly in Bruins zone.
11:32 of 3rd period - Slapshot by Cale Makar.
11:32 of 3rd period - Shot Misses the Net.
11:56 of 3rd period - Jonathan Toews is hit by Ryan Nugent-Hopkins and loses puck.
12:37 of 3rd period - Cale Makar is hit by Ryan O'Reilly.
12:43 of 3rd period - Slapshot by Shea Theodore.
12:43 of 3rd period - Shot Blocked by Nate Schmidt.
12:59 of 3rd period - Snap shot by Nicklas Backstrom.
12:59 of 3rd period - Shot Misses the Net.
13:01 of 3rd period - Slapshot by Zdeno Chara.
13:01 of 3rd period - Deflect By Derek Ryan.
13:01 of 3rd period - Stopped by Connor Hellebuyck with a rebound.
13:03 of 3rd period - Backhand shot by Nate Schmidt.
13:03 of 3rd period - Stopped by Connor Hellebuyck without a rebound.
13:04 of 3rd period - Derek Ryan wins face-off versus Max Domi in Blue Jackets zone.
13:09 of 3rd period - Snap shot by Derek Ryan.
13:09 of 3rd period - Stopped by Connor Hellebuyck with a rebound.
13:11 of 3rd period - Slapshot by Drew Doughty.
13:11 of 3rd period - Deflect By Lucas Raymond.
13:11 of 3rd period - Stopped by Connor Hellebuyck with a rebound.
13:13 of 3rd period - Snap shot by Drew Doughty.
13:13 of 3rd period - Stopped by Connor Hellebuyck without a rebound.
13:14 of 3rd period - Ryan O'Reilly wins face-off versus Max Domi in Blue Jackets zone.
13:36 of 3rd period - Snap shot by Marcus Johansson.
13:36 of 3rd period - Stopped by Jack Campbell with a rebound.
13:38 of 3rd period - Backhand shot by Brendan Smith.
13:38 of 3rd period - Shot Blocked by Patrice Bergeron.
13:42 of 3rd period - Wrist shot by Max Domi.
13:42 of 3rd period - Stopped by Jack Campbell with a rebound.
14:02 of 3rd period - Wrist shot by Marcus Johansson.
14:02 of 3rd period - Shot Misses the Net.
14:04 of 3rd period - Slapshot by Marcus Johansson.
14:04 of 3rd period - Deflect By Max Domi.
14:04 of 3rd period - Shot Misses the Net.
14:04 of 3rd period - Puck is out of play.
14:05 of 3rd period - Ryan O'Reilly wins face-off versus Noah Ostlund in Bruins zone.
14:32 of 3rd period - Juraj Slafkovsky is hit by Jaccob Slavin and loses puck.
15:37 of 3rd period - Icing by Mikael Backlund.
15:38 of 3rd period - Jonathan Toews wins face-off versus Ryan Nugent-Hopkins in Bruins zone.
16:01 of 3rd period - Slapshot by Cale Makar.
16:01 of 3rd period - Stopped by Jack Campbell with a rebound.
16:49 of 3rd period - Marcus Johansson is hit by Matt Duchene and loses puck.
17:31 of 3rd period - Wrist shot by Zach Aston-Reese.
17:31 of 3rd period - Stopped by Jack Campbell with a rebound.
17:33 of 3rd period - Snap shot by Dominik Kubalik.
17:33 of 3rd period - Shot Misses the Net.
17:35 of 3rd period - Slapshot by Trevor van Riemsdyk.
17:35 of 3rd period - Stopped by Jack Campbell without a rebound.
17:36 of 3rd period - Max Domi wins face-off versus Jonathan Toews in Bruins zone.
17:49 of 3rd period - Brendan Smith is hit by Jonathan Toews and loses puck.
18:10 of 3rd period - Slapshot by Noah Ostlund.
18:10 of 3rd period - Stopped by Jack Campbell without a rebound.
18:11 of 3rd period - Patrice Bergeron wins face-off versus Ryan Nugent-Hopkins in Bruins zone.
18:37 of 3rd period - Patrick Kane is hit by Adrian Kempe and loses puck.
19:08 of 3rd period - Snap shot by Patrick Kane.
19:08 of 3rd period - Stopped by Connor Hellebuyck without a rebound.
19:09 of 3rd period - Matt Duchene wins face-off versus Ryan Nugent-Hopkins in Blue Jackets zone.
19:16 of 3rd period - Wrist shot by Matt Duchene.
19:16 of 3rd period - Stopped by Connor Hellebuyck without a rebound.
19:17 of 3rd period - Matt Duchene wins face-off versus Max Domi in Blue Jackets zone.
19:48 of 3rd period - Juraj Slafkovsky is hit by Moritz Seider and loses puck.
19:52 of 3rd period - Icing by Nikita Zadorov.
19:53 of 3rd period - Patrice Bergeron wins face-off versus Ryan Nugent-Hopkins in Blue Jackets zone.
19:56 of 3rd period - Wrist shot by Patrice Bergeron.
19:56 of 3rd period - Shot Misses the Net.
Goals for this period are 0 for Bruins vs 1 for Blue Jackets.
Shots for this period are 20 for Bruins vs 15 for Blue Jackets.